 Dungeon Crawl Stone Soup version 0.23-a0-607-g760965b (webtiles) character file.

6244 Inarius the Cleaver (level 10, -18/80 HPs)
             Began as a Demonspawn Chaos Knight on Dec 20, 2018.
             Was a Plaything of Xom.
             Hit by a large rock thrown by a cyclops (35 damage)
             ... on level 10 of the Dungeon.
             The game lasted 00:19:16 (9076 turns).

Inarius the Cleaver (Demonspawn Chaos Knight)       Turns: 9076, Time: 00:19:19

Health: -18/80     AC: 13    Str: 21    XL:     10   Next: 62%
Magic:  0/22       EV: 15    Int: 15    God:    Xom [......]
Gold:   262        SH:  7    Dex: 19    Spells: 9/9 levels left

rFire    . . .     SeeInvis .   Q - +3 war axe
rCold    x . .     Gourm    .   i - +0 buckler
rNeg     . . .     Faith    .   e - +5 robe of Hiesei {rC- rCorr Int+2 Dex+6}
rPois    .         Spirit   +   n - +2 hat
rElec    .         Reflect  +   (no cloak)
rCorr    +         Harm     .   L - +0 pair of gloves
MR       .....                  (no boots)
Stlth    +++.......             z - +2 amulet of reflection
HPRegen  0.23/turn              C - ring of magical power
MPRegen  0.36/turn              (no ring)

@: mighty, slowed, drained, very slow
A: horns 2, molten scales 2, blurry vision 1, demonic guardian 1, magic shield,
magic regeneration, MP-powered wands
a: Renounce Religion


You were on level 10 of the Dungeon.
You worshipped Xom.
You were a very special plaything of Xom.
You were very hungry.

You visited 1 branch of the dungeon, and saw 10 of its levels.

You collected 454 gold pieces.
You spent 192 gold pieces at shops.

Inventory:

Hand Weapons
 o - a +3 short sword of draining
 p - a +2 hand axe of chopping
 y - a +1 hand axe of freezing
 Q - a +3 war axe (weapon)
Missiles
 w - 3 javelins (quivered)
 J - a throwing net
Armour
 b - a +2 leather armour
 e - the +5 robe of Hiesei (worn) {rC- rCorr Int+2 Dex+6}
   (You found it on level 4 of the Dungeon)

   It affects your intelligence (+2).
   It affects your dexterity (+6).
   It makes you vulnerable to cold.
   It provides partial protection from all sources of acid and corrosion.
 g - a +0 ring mail of fire resistance
 i - a +0 buckler (worn)
 n - a +2 hat (worn)
 H - a +0 plate armour
 L - a +0 pair of gloves (worn)
Jewellery
 z - a +2 amulet of reflection (around neck)
 C - a ring of magical power (left hand)
Wands
 E - a wand of disintegration (16)
Scrolls
 d - 6 scrolls of remove curse
 h - 7 scrolls of enchant armour {unknown}
 j - 3 scrolls of fear {unknown}
 m - 2 scrolls of random uselessness {unknown}
 q - a scroll of summoning {unknown}
 r - 2 scrolls of blinking
 t - 5 scrolls of teleportation
 B - a scroll of magic mapping
 G - a scroll of enchant weapon
Potions
 a - 2 potions of agility
 f - 3 potions of lignification
 k - 4 potions of curing
 l - 2 potions of flight
 s - a potion of resistance {unknown}
 u - 3 potions of mutation
 v - 2 potions of magic {unknown}
 x - 2 potions of heal wounds {unknown}
 A - 2 potions of haste
 F - a potion of degeneration {unknown}
 K - a potion of cancellation {unknown}
 N - a potion of brilliance {unknown}
Comestibles
 c - 17 rations


   Skills:
 + Level 8.0(7.5) Fighting
 + Level 10.0(9.4) Axes
 + Level 1.3(0.8) Throwing
 + Level 2.9(2.3) Armour
 + Level 4.8(4.3) Dodging
 + Level 4.2(3.7) Stealth
 + Level 3.2(2.7) Shields
 * Level 4.5(3.9) Evocations


You had 9 spell levels left.
You didn't know any spells.
Your spell library contained the following spells:

 Spells                   Type           Power        Failure   Level  Hunger
 Magic Dart               Conj           #...         30%         1    ##.....
 Recall                   Summ/Tloc      N/A          67%         3    ####...
 Petrify                  Tmut/Erth      #.......     97%         4    #####..
 Borgnjor's Vile Clutch   Necr/Erth      #.........   100%        5    ######.
 Summon Forest            Summ/Tloc      #.........   100%        5    ######.


Dungeon Overview and Level Annotations

Branches:
Dungeon (10/15)            Temple (0/1) D:6            Lair (0/6) D:9
    Orc (0/2) D:9

Altars:
Kikubaaqudgha
Nemelex Xobeh
Ru
Sif Muna
Trog
Vehumet
Wu Jian
Yredelemnul
Zin

Shops:
D:7 (   D:8 *


Innate Abilities, Weirdness & Mutations

You have a pair of horns on your head.
You are mostly covered in molten scales. (AC +3)
A weak demonic guardian rushes to your aid.
When hurt, damage is shared between your health and your magic reserves.
You regenerate magic rapidly.
Scrolls take you a little longer to read.
You expend magic power (3 MP) to strengthen your wands.


Message History

The gargoyle is heavily damaged.
You block the gargoyle's attack.
Your iron imp barely misses the gargoyle.
Unknown command.
Unknown command.
Unknown command.
You slash the gargoyle!
You destroy the gargoyle!
Your base Axes skill increases to level 10!
Unknown command.
Unknown command.
The cyclops shouts!
Xom makes a sudden noise!
You hear snatches of song.
You hear an angry hiss. x2; You hear a shout! x2; You hear a croak.
You hear a shout! x2; You hear a loud, deep croak!
You hear a shout!
You hear a bark!
A crimson imp comes into view.
The cyclops throws a large rock.
The large rock hits you!!!
You die...
Xom titters!

#..............#
#..#.....#....## .
####.......##.# ..
..#........#.#### ...
#.....###[..#.Y...
..5.###.....#....).##.#.
#.......#.$#..#.)......
#.......#######).......
###@.#..# #..###...
#.5.e..# .... ..
#$.#..## .#.$#
####....... ### ......
.###.. . C#


You could see a cyclops, a deep elf mage, a crimson imp and a friendly iron imp.

Vanquished Creatures
  Josephine (D:10)
  A gargoyle (D:10)
  Sigmund (D:5)
  3 wraiths (D:10)
  A hungry ghost (D:10)
  Grum (D:9)
  Menkaure (D:4)
  3 water moccasins
  4 orc warriors
  3 ice beasts
  2 sky beasts (D:9)
  An ogre (D:7)
  A phantom (D:7)
  An eye of draining (D:8)
  2 wolves (D:9)
  2 centaurs
  3 bullfrogs
  Blork the orc (D:4)
  2 scorpions
  5 killer bees (D:7)
  6 wights
  3 crimson imps
  2 howler monkeys (D:8)
  2 centaur zombies (D:9)
  5 hounds
  3 bullfrog zombies
  8 orc wizards
  6 orc priests
  A jelly (D:5)
  A bullfrog skeleton (D:9)
  3 iguanas
  Terence (D:2)
  7 worker ants
  A killer bee zombie (D:6)
  A howler monkey zombie (D:5)
  A gnoll (D:4)
  A howler monkey skeleton (D:5)
  10 adders
  2 adder zombies
  8 worms
  A dart slug (D:2)
  3 leopard geckos
  27 orcs
  3 ball pythons
  9 giant cockroaches
  8 goblins
  7 hobgoblins
  4 jackals
  4 kobolds
  A quokka (D:5)
  8 bats
  4 frilled lizards
  A leopard gecko skeleton (D:4)
  A leopard gecko zombie (D:5)
  6 rats
198 creatures vanquished.

Vanquished Creatures (collateral kills)
  A wraith (D:10)
  A centaur (D:5)
  A bullfrog (D:9)
  A big kobold (D:8)
  A crimson imp (D:5)
  An orc priest (D:6)
  3 hounds
  A jelly (D:5)
  An adder (D:6)
  An orc (D:4)
  A jackal (D:4)
  A kobold (D:8)
  A rat (D:2)
15 creatures vanquished.

Grand Total: 213 creatures vanquished

Notes
Turn   | Place    | Note
-------+----------+-------------------------------------------
     0 | D:1      | Inarius the Demonspawn Chaos Knight began the quest for the
                  | Orb.
     0 | D:1      | Reached XP level 1. HP: 18/18 MP: 1/1
    20 | D:1      | XOM: divination: detect creatures
   116 | D:1      | Gained mutation: A weak demonic guardian rushes to your
                  | aid. [demonic ancestry]
   116 | D:1      | Reached XP level 2. HP: 24/24 MP: 2/2
   374 | D:1      | Reached skill level 3 in Axes
   992 | D:2      | XOM: divination: magic mapping
  1022 | D:2      | XOM: confuse monster(s)
  1025 | D:2      | Gained mutation: When hurt, damage is shared between your
                  | health and your magic reserves. [demonic ancestry]
  1025 | D:2      | Reached XP level 3. HP: 6/30 MP: 3/3
  1309 | D:2      | Noticed Terence
  1316 | D:2      | Killed Terence
  1316 | D:2      | Reached skill level 1 in Dodging
  1355 | D:2      | Gained mutation: You have a pair of small horns on your
                  | head. [demonic ancestry]
  1355 | D:2      | Reached XP level 4. HP: 36/37 MP: 4/4
  1571 | D:2      | XOM: god gift: 27 arrows
  2000 | D:2      | Identified Ucuer's Collected Works on Summoning and Stones
                  | (Xom gifted it to you on level 2 of the Dungeon)
  2000 | D:2      | XOM: god gift: Ucuer's Collected Works on Summoning and
                  | Stones
  2097 | D:3      | XOM: polymorph kobold -> hobgoblin
  2255 | D:3      | Gained mutation: You are partially covered in molten
                  | scales. (AC +2) [demonic ancestry]
  2255 | D:3      | Reached XP level 5. HP: 33/43 MP: 3/5
  2342 | D:3      | Found a sparkling altar of Nemelex Xobeh.
  2523 | D:3      | XOM: harmless Pois miscast
  2655 | D:4      | Noticed Menkaure
  2666 | D:4      | Killed Menkaure
  2666 | D:4      | Reached skill level 4 in Axes
  2667 | D:4      | Gained mutation: You are mostly covered in molten scales.
                  | (AC +3) [demonic ancestry]
  2667 | D:4      | Reached XP level 6. HP: 30/50 MP: 3/6
  2696 | D:4      | Got a creamy pearl robe
  2705 | D:4      | Reached skill level 5 in Fighting
  2739 | D:4      | XOM: draining
  2805 | D:4      | Identified the +5 robe of Hiesei {rC- rCorr Int+2 Dex+6}
                  | (You found it on level 4 of the Dungeon)
  2977 | D:4      | Noticed Blork the orc
  3150 | D:4      | Killed Blork the orc
  3196 | D:4      | Reached skill level 5 in Axes
  3383 | D:3      | Reached skill level 1 in Stealth
  3611 | D:4      | Gained mutation: You regenerate magic rapidly. [demonic
                  | ancestry]
  3611 | D:4      | Reached XP level 7. HP: 53/56 MP: 7/7
  3615 | D:4      | XOM: harmless Air miscast
  3690 | D:5      | Entered Level 5 of the Dungeon
  4154 | D:5      | XOM: chaos upgrade
  4155 | D:5      | XOM: smoke on damage
  4256 | D:5      | XOM: noise
  4300 | D:5      | XOM: medium Pois miscast
  4303 | D:5      | XOM: medium Pois miscast
  4349 | D:4      | XOM: medium Fire miscast
  4558 | D:5      | XOM: summons 4 hostile shadow creatures
  4593 | D:5      | Reached skill level 6 in Axes
  4593 | D:5      | Reached skill level 1 in Throwing
  4674 | D:5      | XOM: give mutation
  4674 | D:5      | Gained mutation: Scrolls take you a little longer to read.
                  | [Xom's mischief]
  4743 | D:5      | Noticed Sigmund
  4751 | D:5      | XOM: stat loss: -1 Str (14/15)
  4756 | D:5      | Killed Sigmund
  4756 | D:5      | Reached XP level 8. HP: 49/64 MP: 8/8
  5237 | D:6      | Found a staircase to the Ecumenical Temple.
  5282 | D:6      | XOM: 1-stop teleportation journey
  5348 | D:6      | Found Zin's Purification Station.
  5350 | D:6      | Found a glowing silver altar of Zin.
  5355 | D:6      | Bought a potion of curing for 90 gold pieces
  5528 | D:6      | XOM: harmless Erth miscast
  5665 | D:6      | Reached skill level 7 in Axes
  5713 | D:6      | Reached skill level 1 in Shields
  5976 | D:6      | XOM: give mutation
  5976 | D:6      | Gained mutation: You expend magic power (3 MP) to
                  | strengthen your wands. [Xom's grace]
  6058 | D:6      | XOM: cloud trail
  6423 | D:7      | XOM: silly message
  6514 | D:7      | Reached XP level 9. HP: 70/71 MP: 9/9
  6535 | D:7      | Reached skill level 8 in Axes
  6552 | D:7      | XOM: potion effect (agility)
  6648 | D:7      | Reached skill level 1 in Evocations
  6697 | D:7      | Found Ideuwnud's Weapon Shoppe.
  7115 | D:8      | XOM: harmless Ice miscast
  7247 | D:8      | Found a basalt altar of Yredelemnul.
  7256 | D:8      | Found a bloodstained altar of Trog.
  7333 | D:8      | Found a sacrificial altar of Ru.
  7468 | D:8      | Found a radiant altar of Vehumet.
  7473 | D:8      | Identified Vehumet's Grimoire of Arcane Weapons
  7476 | D:8      | Found an ancient bone altar of Kikubaaqudgha.
  7477 | D:8      | Found a deep blue altar of Sif Muna.
  7480 | D:8      | XOM: potion effect (brilliance)
  7603 | D:8      | Found Yceg's Assorted Antiques.
  7611 | D:8      | Bought a scroll labeled OGRACI CIRY for 27 gold pieces
  7611 | D:8      | Bought a ruby potion for 24 gold pieces
  7611 | D:8      | Bought a scroll labeled MAT OTEASASOIR for 27 gold pieces
  7611 | D:8      | Bought a fizzy yellow potion for 24 gold pieces
  7649 | D:8      | XOM: divination: magic mapping
  7730 | D:9      | XOM: confuse monster(s)
  7759 | D:9      | Found a staircase to the Lair.
  7806 | D:9      | Reached skill level 9 in Axes
  7819 | D:9      | Noticed Grum
  7823 | D:9      | XOM: divination: detect items
  7825 | D:9      | XOM: swap monsters
  7835 | D:9      | Killed Grum
  7895 | D:9      | Found a staircase to the Orcish Mines.
  7948 | D:9      | XOM: divination: detect creatures
  7959 | D:9      | Gained mutation: You have a pair of horns on your head.
                  | [demonic ancestry]
  7959 | D:9      | Reached XP level 10. HP: 77/79 MP: 12/12
  8312 | D:9      | Found an ornate altar of the Wu Jian Council.
  8496 | D:8      | Noticed a cyan ugly thing
  8542 | D:10     | Entered Level 10 of the Dungeon
  8725 | D:10     | Noticed Josephine
  8742 | D:10     | Killed Josephine
  8768 | D:10     | XOM: confuse monster(s)
  9049 | D:10     | XOM: repel stairs
  9053 | D:10     | XOM: draining
  9060 | D:10     | XOM: summons 2 hostile shadow creatures
  9071 | D:10     | Noticed a cyclops
  9071 | D:10     | Noticed a gargoyle
  9071 | D:10     | Noticed a deep elf mage
  9075 | D:10     | Killed a gargoyle
  9075 | D:10     | Reached skill level 10 in Axes
  9076 | D:10     | XOM: noise
  9076 | D:10     | Hit by a large rock thrown by a cyclops

Vault maps used:
D:1:      minmay_arrival_three_doors, minmay_pentomino_p2
D:2:      first_ration, uniq_terence
D:3:      nemelex_xobeh_ov_fountains_minmay, kennysheep_generic_room_5
D:4:      cheibrodos_old_hovel, cheibrodos_gnoll_hut, uniq_menkaure,
          uniq_blork_the_orc
D:5:      grunt_ministairs_14, minmay_parallelograms, uniq_sigmund
D:6:      zin_purify, minmay_temple_entry_large_hall, minmay_misc_feat_plants,
          st_stairs_8, minivault_27, grunt_ministairs_8
D:7:      serial_shops, shop, minmay_fountain_box, hex_tiny, grunt_ogre_cave
D:8:      minmay_diamond_stairs, grunt_temple_overflow_magic_moments,
          grunt_temple_overflow_open, nicolae_ru_great_annihilating_truth,
          serial_shops, nicolae_shop_stone, nicolae_wwwww, minmay_misc_feat_room
D:9:      kennysheep_mini, lair_entry_dummy, orc_0_dummy, uniq_grum
D:10:     hangedman_cross_cluster, uniq_erolcha, uniq_josephine

Skill      XL: |  1  2  3  4  5  6  7  8  9 10 |
---------------+-------------------------------+-----
Axes           | 3 4 5 6 7 9 10 | 10.0
Fighting       | 4 5 6 7 8 |  8.0
Armour         | 2 |  2.9
Dodging        | 1 2 3 4 |  4.8
Stealth        | 1 2 3 4 |  4.2
Throwing       | 1 |  1.3
Shields        | 1 2 3 |  3.2
Evocations     | 3 4 |  4.5

Action                   |  1- 3 |  4- 6 |  7- 9 | 10-12 || total
-------------------------+-------+-------+-------+-------++-------
Melee: Hand axe          |    69 |   146 |   407 |     8 ||   630
       Spear             |    15 |       |       |       ||    15
       Short sword       |     2 |       |       |       ||     2
       Headbutt          |       |    28 |   100 |    25 ||   153
       War axe           |       |       |       |   114 ||   114
Throw: Javelin           |       |     2 |     7 |       ||     9
Evoke: Wand              |       |       |       |     5 ||     5
  Use: Potion            |       |     2 |     1 |     3 ||     6
       Scroll            |       |       |     5 |    10 ||    15
 Stab: Sleeping          |     1 |       |     7 |     1 ||     9
       Distracted        |       |     1 |     4 |       ||     5
       Confused          |       |       |     4 |       ||     4
       Invisible         |       |       |     1 |       ||     1
       Paralysed         |       |       |     1 |       ||     1
  Eat: Chunk             |     1 |     8 |    14 |     2 ||    25
       Ration            |       |       |       |     1 ||     1
Armor: Leather armour    |    20 |    35 |       |       ||    55
       Robe              |       |    24 |   109 |    44 ||   177
Dodge: Dodged            |    36 |    94 |   188 |    98 ||   416
Block: Buckler           |     5 |    12 |    85 |    39 ||   141
       Reflection        |       |       |     3 |       ||     3

Table legend:
 A = Non-vault XP
 B = Vault XP
 C = Vault XP percentage of total XP
 D = Non-vault monster count
 E = Vault monster count
 F = Vault count percentage of total count
                 A         B        C        D         E       F
            +---------+---------+-------+---------+---------+-------
      Total |    5531 |    3389 |  38.0 |     181 |      32 |  15.0
            +---------+---------+-------+---------+---------+-------
        D:1 |      28 |       4 |  12.5 |      16 |       2 |  11.1
        D:2 |      91 |      36 |  28.3 |      23 |       1 |   4.2
        D:3 |      47 |       8 |  14.5 |      13 |       3 |  18.8
        D:4 |     292 |     347 |  54.3 |      16 |       6 |  27.3
        D:5 |     515 |     199 |  27.9 |      20 |       2 |   9.1
        D:6 |     587 |     105 |  15.2 |      19 |       1 |   5.0
        D:7 |    1066 |     118 |  10.0 |      23 |       1 |   4.2
        D:8 |     902 |     223 |  19.8 |      25 |       7 |  21.9
        D:9 |    1361 |     378 |  21.7 |      20 |       3 |  13.0
       D:10 |     642 |    1971 |  75.4 |       6 |       6 |  50.0
            +---------+---------+-------+---------+---------+-------
